 Dungeon Crawl Stone Soup version 0.19.3-4-gbf9329e (webtiles) character file.

256 Gargoyl the Skirmisher (level 6, -2/53 HPs)
             Began as a Ghoul Abyssal Knight on Jan 26, 2017.
             Was a Believer of Lugonu.
             Slain by an orc priest
             ... wielding a +0 mace of crushing
              (6 damage)
             ... on level 4 of the Dungeon.
             The game lasted 00:04:36 (2166 turns).

Gargoyl the Skirmisher (Ghoul Abyssal Knight)       Turns: 2166, Time: 00:04:37

Health: -2/53      AC: 12    Str: 16    XL:     6   Next: 16%
Magic:  7/7        EV:  7    Int:  7    God:    Lugonu [**....]
Gold:   191        SH:  0    Dex: 10    Spells: 0 memorised, 5 levels left

rFire  . . .     SeeInvis .     a - +1 hand axe
rCold  + . .     Gourm    .     h - +0 chain mail
rNeg   + + +     Faith    .     (no shield)
rPois  ∞         Spirit   .     (no helmet)
rElec  .         Reflect  .     (no cloak)
rCorr  .         Harm     .     (no gloves)
MR     .....                    d - +2 pair of boots
Stlth  ..........               (no amulet)
                                (no ring)
                                (no ring)

@: rotting
A: rotting body, claws 1, carnivore 3, cold resistance 1, negative energy
resistance 3, slow regeneration 1, torment resistance, unbreathing
a: Depart the Abyss, Bend Space, Renounce Religion


You were on level 4 of the Dungeon.
You worshipped Lugonu.
Lugonu was pleased with you.
You were not hungry.

You visited 1 branch of the dungeon, and saw 4 of its levels.
You visited the Abyss 1 time.

You collected 191 gold pieces.

Inventory:

Hand Weapons
 a - a +1 hand axe (weapon)
Armour
 d - a +2 pair of boots (worn)
 h - a +0 chain mail (worn)
Scrolls
 b - 3 scrolls of blinking {unknown}
 e - a scroll of magic mapping {unknown}
 g - 3 scrolls of identify {unknown}
 n - a scroll of enchant armour {unknown}
 p - 2 scrolls of teleportation {unknown}
 r - a scroll of random uselessness {unknown}
Potions
 f - a potion of curing {unknown}
 i - a potion of cure mutation {unknown}
 j - a potion of haste {unknown}
 k - a potion of berserk rage {unknown}
 l - a potion of might {unknown}
 o - a potion of magic {unknown}
 q - a potion of ambrosia {unknown}
 s - a potion of heal wounds {unknown}
Books
 t - a book of Maledictions

   Spells                             Type                      Level
   a - Corona                         Hexes                        1
   b - Ensorcelled Hibernation        Hexes/Ice                    2
   c - Confuse                        Hexes                        3
   d - Tukima's Dance                 Hexes                        3
   e - Dazzling Spray                 Conjuration/Hexes            3
Comestibles
 c - 4 meat rations
 m - a beef jerky
 u - 3 chunks of flesh


   Skills:
 + Level 4.4 Fighting
 + Level 3.3 Axes
 * Level 3.0 Armour
 + Level 1.6 Dodging
 * Level 3.5 Invocations


You had 5 spell levels left.
You didn't know any spells.

Dungeon Overview and Level Annotations

Branches:
Dungeon (4/15)
 Temple: D:4-7

Altars:
Uskayaw
Xom


Innate Abilities, Weirdness & Mutations

Your body is rotting away.
You thrive on raw meat.
You are immune to poison.
You have sharp fingernails.
You are carnivorous and can eat meat at any time.
Your flesh is cold resistant. (rC+)
You are immune to negative energy. (rN+++)
You regenerate slowly when monsters are visible.
You are immune to unholy pain and torment.
You can survive without breathing.


Message History

You hit the orc priest but do no damage.
The orc priest is almost dead.
You miss something.
You hear some strange, mumbled words.
A puff of frost appears from out of thin air!
The puff of frost hits you! Something hits you but does no damage.
The orc priest looks satisfied for a moment.
You barely miss the orc priest.
The orc priest is almost dead.
You miss something. Something hits you but does no damage.
You hear some strange, mumbled words.
A puff of flame appears from out of thin air!
The puff of flame hits you!
* * * LOW HITPOINT WARNING * * *
The orc priest hits you but does no damage.
You barely miss the orc priest.
The orc priest is almost dead.
You miss something. Something hits you but does no damage.
The orc priest hits you with a mace of crushing.
You die...

##....#.....
######....#.....
#....#....######
#....#....'....# # ####
#....#....#..... ..##...
#...##....##....
.......##...########...#
......{.'....'....######
......[@#....#..........
......o.#....#..........
........#...##'#####....
.$......#...##....##+###
.....)..#....#....##...#
#.##...##....#.....#...#
# #... #....#.....'...#
.... #.....#...#
########...#


You could see an orc priest.

Vanquished Creatures
  A scorpion (D:4)
  An orc priest (D:4)
  An orc wizard (D:3)
  Ijyb (D:2)
  A worker ant (D:3)
  An adder (D:2)
  An ooze (D:2)
  2 worms (D:3)
  2 dart slugs
  4 leopard geckos
  8 orcs
  A ball python (D:4)
  8 bats
  3 giant cockroaches
  7 goblins
  4 hobgoblins
  5 kobolds
  5 quokkas
  5 frilled lizards
  8 rats
69 creatures vanquished.

Notes
Turn   | Place    | Note
-------+----------+-------------------------------------------
     0 | Abyss:1  | Gargoyl the Ghoul Abyssal Knight began the quest for the Orb.
     0 | Abyss:1  | Reached XP level 1. HP: 19/19 MP: 1/1
    41 | Abyss:1  | Noticed a large abomination
    47 | D:1      | Escaped the Abyss
    96 | D:1      | Reached * piety under Lugonu
    96 | D:1      | Reached skill level 1 in Dodging
   134 | D:1      | Reached XP level 2. HP: 19/26 MP: 2/2
   405 | D:1      | Reached XP level 3. HP: 33/33 MP: 3/3
   562 | D:1      | Reached skill level 4 in Fighting
   702 | D:2      | Reached ** piety under Lugonu
   874 | D:2      | Found a shimmering altar of Xom.
   875 | D:2      | Found a shimmering altar of Xom.
   875 | D:2      | Found a shimmering altar of Xom.
   875 | D:2      | Found a shimmering altar of Xom.
   876 | D:2      | Found a shimmering altar of Xom.
   876 | D:2      | Found a shimmering altar of Xom.
   876 | D:2      | Found a shimmering altar of Xom.
   903 | D:2      | Noticed Ijyb
   917 | D:2      | Killed Ijyb
   917 | D:2      | Reached XP level 4. HP: 40/40 MP: 4/4
  1070 | D:2      | Found a hide-covered altar of Uskayaw.
  1505 | D:3      | Reached XP level 5. HP: 34/45 MP: 6/6
  2034 | D:4      | Reached XP level 6. HP: 49/53 MP: 7/7
  2166 | D:4      | Slain by an orc priest

Skill      XL: |  1  2  3  4  5  6 |
---------------+-------------------+-----
Dodging        | 1 |  1.6
Armour         | 2 3 |  3.0
Axes           | 2 3 |  3.3
Fighting       | 4 |  4.4
Invocations    | 3 |  3.5

Action                   |  1- 3 |  4- 6 || total
-------------------------+-------+-------++-------
Melee: Hand axe          |   139 |   168 ||   307
Invok: Depart the Abyss  |     1 |       ||     1
  Eat: Chunk             |     8 |    14 ||    22
Armor: Leather armour    |    10 |       ||    10
       Chain mail        |   115 |   132 ||   247
Dodge: Dodged            |   100 |    81 ||   181
